 Dungeon Crawl Stone Soup version 0.16-a0-3219-g20c30b8 (webtiles) character file.

22 PolkaDot the Caller (level 2, 0/21 HPs)
             Began as a Vampire Summoner on Dec 21, 2014.
             Slain by a worm (10 damage)
             ... on level 2 of the Dungeon.
             The game lasted 00:03:47 (699 turns).

PolkaDot the Caller (Vampire Summoner)               Turns: 699, Time: 00:03:47

Health: 0/21       AC:  3    Str:  7    XL:     2   Next: 68%
Magic:  0/4        EV: 12    Int: 17    God:
Gold:   55         SH:  0    Dex: 14    Spells: 2 memorised, 2 levels left

rFire  . . .     SeeInvis +     d - +0 dagger
rCold  . . .     Clarity  .     a - +0 robe
rNeg   . . .     SustAb   .     (no shield)
rPois  .         Gourm    .     (no helmet)
rElec  .         Spirit   .     (no cloak)
rCorr  .         Warding  .     (no gloves)
rMut   .         Stasis   .     k - +0 pair of boots
MR     .....                    e - amulet of rage
Stlth  ++........               (no ring)
                                (no ring)

@: very slightly contaminated, regenerating quickly, not resistant to hostile
enchantments, unstealthy
A: bottle blood, fangs 3, see invisible, unbreathing
a: Evoke Berserk Rage


You were on level 2 of the Dungeon.
You were full.

You visited 1 branch of the dungeon, and saw 2 of its levels.

You collected 55 gold pieces.

Inventory:

Hand weapons
 d - a +0 dagger (weapon)
Armour
 a - a +0 robe (worn)
 k - a +0 pair of boots (worn)
Jewellery
 e - an amulet of rage (around neck)
Scrolls
 c - a scroll of magic mapping {unknown}
 f - a scroll of remove curse {unknown}
 h - a scroll of identify {unknown}
 i - a scroll of enchant weapon {unknown}
Potions
 g - a potion of curing {unknown}
 j - a potion of lignification {unknown}
Books
 b - a book of Callings

   Spells                             Type                      Level
   a - Summon Small Mammal            Summoning                    1
   b - Call Imp                       Summoning                    2
   c - Call Canine Familiar           Summoning                    3
   d - Summon Guardian Golem          Hexes/Summoning              4
   e - Summon Lightning Spire         Summoning/Air                4
   f - Summon Ice Beast               Ice/Summoning                4


   Skills:
 + Level 1.5 Fighting
 - Level 2.1 Dodging
 - Level 3.0 Stealth
 - Level 2.0 Spellcasting
 - Level 4.0 Summonings
 * Level 1.4 Evocations


You had 2 spell levels left.
You knew the following spells:

 Your Spells              Type           Power        Failure   Level  Hunger
s - Call Imp              Summ           ###.....     6%          2    ###....
z - Summon Small Mammal   Summ           ###.         3%          1    #......


Dungeon Overview and Level Annotations

Branches:
Dungeon (2/15)

Altars:


Innate Abilities, Weirdness & Mutations

Your natural rate of healing is unusually fast.
You can bottle blood from corpses.
You have razor-sharp teeth.
You have supernaturally acute eyesight.
You can survive without breathing.


Message History

* * * LOW MAGIC WARNING * * *
The worm barely misses you.
Casting: Call Imp
Confirm with . or Enter, or press ? or * to list all spells.
You don't have enough magic to cast that spell.
You barely miss the worm. You completely miss the worm.
Your crimson imp hits the worm.
The worm bites you but does no damage.
You hit the worm but do no damage.
Your crimson imp hits the worm.
You hit the worm but do no damage. You bite the worm.
The worm is lightly wounded.
The worm bites you!
Ouch! That really hurt!
* * * LOW HITPOINT WARNING * * *
Your crimson imp hits the worm.
You hit the worm.
The worm is moderately wounded.
Your crimson imp closely misses the worm.
The worm bites you!
You die...

### ## ##.. .. . ..
...#.## . .....
...##..#..##.
##...###...........
#......##.........##
...............w...# #
.##..... #....P@5..#.###
.#.....####...P≈≈.......#
.........#..#..P......#.#
.......÷...##+.......!...
##........## ##..⌠......
##.#...##..###.....####.
............#....###
................##
...#.......#.##.#


You could see a worm and a friendly crimson imp.

Vanquished Creatures
  2 giant geckos
  2 giant cockroaches
  3 goblins (D:1)
  A hobgoblin (D:1)
  3 bats (D:1)
  2 giant newts
  3 kobolds (D:1)
  A rat (D:1)
17 creatures vanquished.

Vanquished Creatures (collateral kills)
  A worm (D:2)
1 creature vanquished.

Vanquished Creatures (others)
  A bat (D:2)
1 creature vanquished.

Grand Total: 19 creatures vanquished

Notes
Turn   | Place    | Note
--------------------------------------------------------------
     0 | D:1      | PolkaDot, the Vampire Summoner, began the quest for the Orb.
     0 | D:1      | Reached XP level 1. HP: 13/13 MP: 3/3
   179 | D:1      | Reached skill level 1 in Fighting
   251 | D:1      | Reached XP level 2. HP: 19/21 MP: 4/4
   288 | D:1      | Reached skill level 1 in Evocations
   471 | D:1      | Learned a level 2 spell: Call Imp
   519 | D:2      | HP: 1/21 [worm (9)]
   699 | D:2      | Slain by a worm

Action                   || total
-------------------------++-------
Melee: Dagger            ||    46
       Unarmed           ||    15
 Cast: Summon Small Mamm ||     7
       Call Imp          ||     1
  Use: Potion            ||     1
 Stab: Sleeping          ||     5
       Distracted        ||     1
  Eat: Corpse            ||     5
